cohdb
Replays
Latest Replays
All Replays
Popular Replays
Top Player Replays
Match Explorer
How It Works
Community
CoH3 Stats
Reddit
Sign in to upload your games and track your stats! →
Sign in with Steam
Match 31264891
Unlisted
Match 31264891
Overview
Messages
Build Orders
End
Pioneer Squad
Construct Infanterie Kompanie
Selects Breakthrough Battlegroup
Selects Assault Grenadiers
MG 42 Machine Gun Team
Grenadier Squad
Grenadier Squad
Grenadier Squad
Infanterie Officer Quarters
Construct Panzergrenadier Kompanie
el campo
Barka
Доктор Гувер[POINTRUNNER]
MaXiS
Tanzeel
Tavo
Deadpool (OCdt)
旧时光
0
0
Comments
sign in to comment!
No comments posted yet!